 Dungeon Crawl Stone Soup version 0.30.0-30-g96aa6591b8 (webtiles) character file.

Game seed: 7957203786609787588

3 hawla the Firebug (level 1, -4/14 HPs)
             Began as a Meteoran Fire Elementalist on June 26, 2023.
             Slain by an iguana (13 damage)
             ... on level 4 of the Dungeon.
             The game lasted 00:01:35 (242 turns).

hawla the Firebug (Meteoran Fire Elementalist)       Turns: 242, Time: 00:01:38

Health: -4/14      AC:  3    Str:  9    XL:     1   Next: 71%
Magic:  1/5        EV: 12    Int: 16    God:
Gold:   32         SH:  0    Dex: 14    Spells: 4/5 levels left

rFire   . . .        (no weapon)
rCold   . . .        (no shield)
rNeg    . . .        a - +1 robe
rPois   .            (no helmet)
rElec   .            (no cloak)
rCorr   .            (no gloves)
SInv    .            (no boots)
Will    .....        d - amulet of regeneration
Stlth   +            (no ring)
HPRegen 1.02/turn    (no ring)
MPRegen 0.09/turn

%: no passive effects
@: glowing
A: sense surroundings 1, otherworldly, glowing, explore regen
a: no special abilities


You were on level 4 of the Dungeon.
You visited 1 branch of the dungeon, and saw 4 of its levels.

You collected 32 gold pieces.

Inventory:

Armour
 a - a +1 robe (worn)
Jewellery
 d - an amulet of regeneration (around neck)
Potions
 b - a potion of magic
 c - a potion of cancellation {unknown}
 e - a potion of haste


   Skills:
 + Level 2.5 Dodging
 - Level 1.4 Stealth
 + Level 2.7 Spellcasting
 + Level 1.2 Conjurations
 + Level 3.8 Fire Magic


You had 4 spell levels left.
You knew the following spells:

 Your Spells              Type           Power      Damage    Failure   Level
a - Foxfire               Conj/Fire      40%        2x1d6     7%          1

Your spell library contained the following spells:

 Spells                   Type           Power      Damage    Failure   Level
 Scorch                   Fire           28%        2d6       6%          2
 Inner Flame              Hex/Fire       8%         N/A       26%         3
 Volatile Blastmotes      Fire/Tloc      16%        2d11      26%         3
 Flame Wave               Conj/Fire      10%        2d6       56%         4


Dungeon Overview and Level Annotations

Branches:
Dungeon (4/15) Zot: 2157
 Temple: D:4-7

Altars:
Qazlal


Innate Abilities, Weirdness & Mutations

You passively map a small area around you.
You are easily found by Zot.
You glow in the dark.
You regain HP and MP as you explore.


Message History

Your magical contamination has completely faded away.
Found a stone staircase leading up.
c - a viscous clear potion An iguana comes into view.
Casting: Foxfire (safe; 7% risk of failure)
Confirm with . or Enter, or press ? or * to list all spells.
You conjure some foxfire!
The iguana hisses angrily.
Casting: Foxfire (safe; 7% risk of failure)
Confirm with . or Enter, or press ? or * to list all spells.
You don't know that spell.
Casting: Foxfire (safe; 7% risk of failure)
Confirm with . or Enter, or press ? or * to list all spells.
You conjure some foxfire!
The foxfire hits the iguana but does no damage.
The foxfire hits the iguana.
The iguana is moderately wounded.
Unknown command.
Casting: Foxfire (safe; 7% risk of failure)
Confirm with . or Enter, or press ? or * to list all spells.
You conjure some foxfire!
The iguana bites you!
Ouch! That really hurt!
The foxfire hits the iguana.
The iguana is heavily wounded.
The foxfire hits the iguana.
The iguana is severely wounded.
The foxfire hits the iguana but does no damage.
The iguana is severely wounded.
The foxfire hits the iguana but does no damage.
The iguana is severely wounded.
Casting: Foxfire (safe; 7% risk of failure)
Confirm with . or Enter, or press ? or * to list all spells.
You conjure some foxfire!
The iguana bites you.
The foxfire hits the iguana.
The iguana is almost dead.
The foxfire hits the iguana.
The iguana is almost dead.
The iguana bites you!
Ouch! That really hurt!
You die...

, #.....# ... #+###
###+##.....##... ,
.....##...##........
,
...................,,
* ,
..........##.....# ,
..........##...(.# ,
..............<..##*
.....##l......†...#
... #.@.........# . <
,#...##.....## ^ , ,
#...##.>....# ,,
#..<#.......# ,, ,
#...+.......# * ,,
+...#.......# , ,**
#..#######+## * #..#
,,, , , , .... , ,


You could see an iguana.

Vanquished Creatures
  A hobgoblin (D:4)
  A frilled lizard (D:1)
  A goblin (D:2)
  A rat (D:1)
4 creatures vanquished.

Vanquished Creatures (others)
  16 foxfires
16 creatures vanquished.

Grand Total: 20 creatures vanquished

Notes
Turn   | Place    | Note
-------+----------+-------------------------------------------
     0 | D:1      | hawla the Meteoran Fire Elementalist began the quest for
                  | the Orb.
     0 | D:1      | Reached XP level 1. HP: 14/14 MP: 5/5
   171 | D:3      | Found a stormy altar of Qazlal.
   190 | D:3      | Identified the +3 mace "Lugor" {antimagic, rElec Dex+4
                  | Stlth+}
   236 | D:4      | Noticed an iguana
   242 | D:4      | Slain by an iguana

Illustrated notes

Levels and vault maps discovered:
D:1:      mainiacjoe_arrival_reflecting_pool, layout_loops_corners,
          dreamdust_ecumenical_altar_grove
D:2:      layout_basic, st_stairs_8, uniq_terence
D:3:      layout_rooms, kennysheep_okawaru_gauntlet, lemuel_crystal_altar,
          chequers_temple_overflow_statue_of_worship, vehumet_statue,
          serial_shops, shop_statue
D:4:      layout_gridville, uniq_edmund, uniq_grinder

Action                     || total
---------------------------++-------
   Cast: Foxfire           ||    10
    Use: Scroll            ||     4
